 Dungeon Crawl Stone Soup version 0.29-a0-321-gf1c400731a (webtiles) character file.

Game seed: 4992440003159213732

42 kae the Firebug (level 3, -7/20 HPs)
             Began as a Tengu Fire Elementalist on Apr 4, 2022.
             Mangled by Natasha (9 damage)
             ... on level 2 of the Dungeon.
             The game lasted 00:01:03 (1764 turns).

kae the Firebug (Tengu Fire Elementalist)           Turns: 1764, Time: 00:01:04

Health: -7/20      AC:  2    Str:  8    XL:     3   Next: 54%
Magic:  5/7        EV: 12    Int: 17    God:
Gold:   98         SH:  0    Dex: 14    Spells: 0/6 levels left

rFire   . . .      SeeInvis .   (no weapon)
rCold   . . .      Faith    .   (no shield)
rNeg    . . .      Spirit   .   a - +0 robe
rPois   .          Reflect  .   (helmet restricted)
rElec   .          Harm     .   (no cloak)
rCorr   .          Rampage  .   (no gloves)
Will    .....                   (boots unavailable)
Stlth   ++........              (no amulet)
HPRegen 0.06/turn               (no ring)
MPRegen 0.10/turn               (no ring)

@: slowed, very slow
A: beak, talons 3
a: no special abilities


You were on level 2 of the Dungeon.
You visited 1 branch of the dungeon, and saw 2 of its levels.

You collected 98 gold pieces.

Inventory:

Armour
 a - a +0 robe (worn)
Scrolls
 e - a scroll of silence {unknown}
 f - a scroll of noise {unknown}
Potions
 b - 3 potions of magic
 c - a potion of flight {unknown}
 d - a potion of lignification {unknown}


   Skills:
 + Level 0.8 Fighting
 + Level 0.9 Armour
 + Level 2.5 Dodging
 - Level 2.0 Stealth
 + Level 2.2 Spellcasting
 + Level 2.0 Conjurations
 * Level 3.9 Fire Magic


You couldn't memorise any spells.
You knew the following spells:

 Your Spells              Type           Power      Damage    Failure   Level
a - Foxfire               Conj/Fire      48%        2x1d6     5%          1
b - Scorch                Fire           30%        2d7       5%          2
c - Conjure Flame         Conj/Fire      12%        6-21      17%         3

Your spell library contained the following spells:

 Spells                   Type           Power      Damage    Failure   Level
 Inner Flame              Hex/Fire       8%         N/A       26%         3
 Flame Wave               Conj/Fire      12%        2d6       50%         4


Dungeon Overview and Level Annotations

Branches:
Dungeon (2/15)

Altars:

Annotations:
D:2 Natasha


Innate Abilities, Weirdness & Mutations

You have a beak for a mouth.
You have claws for feet.


Message History

The quokka is heavily wounded.
A quokka is nearby!
The foxfire hits the quokka.
You kill the quokka!
You see here a quokka corpse.
Natasha, Servant of Life and Death comes into view.
Casting: Foxfire (safe; 5% risk of failure)
Confirm with . or Enter, or press ? or * to list all spells.
You conjure some foxfire!
Natasha hisses angrily.
Natasha casts a spell at you.
You feel yourself slow down.
Your foxfire dissipates! x2
Natasha mewls in sadness.
Natasha is nearby!
Casting: Foxfire (safe; 5% risk of failure)
Confirm with . or Enter, or press ? or * to list all spells.
You conjure some foxfire!
The foxfire hits Natasha.
Natasha is moderately wounded.
The foxfire hits Natasha.
Natasha is severely wounded.
Natasha claws you.
Natasha is nearby!
You closely miss Natasha.
Natasha is severely wounded.
Natasha claws you! Natasha barely misses you.
You are too injured to fight recklessly!
Natasha is nearby!
Casting: Foxfire (safe; 5% risk of failure)
Confirm with . or Enter, or press ? or * to list all spells.
You conjure some foxfire!
Natasha stares at you and mumbles some strange words.
The magic dart hits you!
* * * LOW HITPOINT WARNING * * *
The foxfire hits Natasha.
Natasha is almost dead.
The foxfire hits Natasha but does no damage.
Natasha is almost dead.
Natasha closely misses you. Natasha claws you!
You die...

######## ###
#......# ....
#......# .....
#.#
#......#......
#.#
#....§@h......
## #.#
#....§.#......
.# #.#
#..##### .....
.# #.# #.##
.... .# #.#
##†# ### .#
#.# #..#
.####.# #.##
.##...####.#
....#......#


You could see Natasha.

Vanquished Creatures
  An adder (D:2)
  A worm (D:2)
  3 ball pythons (D:1)
  4 bats
  4 endoplasms (D:1)
  2 giant cockroaches (D:2)
  A hobgoblin (D:1)
  3 quokkas
  2 frilled lizards
  A kobold (D:1)
  7 rats
29 creatures vanquished.

Vanquished Creatures (others)
  88 foxfires
88 creatures vanquished.

Grand Total: 117 creatures vanquished

Notes
Turn   | Place    | Note
-------+----------+-------------------------------------------
     0 | D:1      | kae the Tengu Fire Elementalist began the quest for the
                  | Orb.
     0 | D:1      | Reached XP level 1. HP: 10/10 MP: 4/4
   441 | D:1      | Reached XP level 2. HP: 15/15 MP: 4/6
  1340 | D:1      | Found a faded altar of an unknown god.
  1439 | D:2      | Reached XP level 3. HP: 20/20 MP: 2/7
  1442 | D:2      | Learned a level 2 spell: Scorch
  1446 | D:2      | Learned a level 3 spell: Conjure Flame
  1755 | D:2      | Noticed Natasha
  1763 | D:2      | HP: 1/20 [Natasha/magic dart (9)]
  1764 | D:2      | Mangled by Natasha

Illustrated notes

Levels and vault maps discovered:
D:1:      shiori_shiawase, layout_basic, shapermc_ecumenical_altar_mp_vishouse,
          minmay_splitting_lines
D:2:      layout_rooms, hangedman_abyss_or_decor_lesser_grid,
          chequers_decorated_corner, grunt_decor_mini_mirrors, uniq_natasha,
          uniq_terence

Skill      XL: |  1  2 |
---------------+-------+-----
Conjurations   | 2 |  2.0
Fighting       | |  0.8
Armour         | |  0.9
Dodging        | |  2.5
Stealth        | |  2.0
Spellcasting   | |  2.2
Fire Magic     | |  3.9

Action                   || total
-------------------------++-------
Melee: Unarmed           ||    30
       Kick              ||    10
       Peck              ||     1
 Cast: Foxfire           ||    55
Armor: Robe              ||    13
Dodge: Dodged            ||    31

Table legend: (Time is in decaauts)
 A = Elapsed time spent in this place.
 B = Non-inter-level travel time spent in this place.
 C = Inter-level travel time spent in this place.
 D = Time resting spent in this place.
 E = Time spent auto-exploring this place.
 F = Levels seen in this place.
 G = Mean time per level.
                   A        B        C        D        E       F      G
               +--------+--------+--------+--------+--------+-----+--------+
         Total |   1766 |   1744 |     22 |    197 |   1311 |   2 |  883.0 |
       Dungeon |   1766 |   1744 |     22 |    197 |   1311 |   2 |  883.0 |
               +--------+--------+--------+--------+--------+-----+--------+

Top non-repeatable levels by time:
     D:1: 1431 daAuts
     D:2: 335 daAuts
